 Dungeon Crawl Stone Soup version 0.28.0-53-g5a82cb258f (webtiles) character file.

Game seed: 1359067920305623711

149129 Zeld the Thaumaturge (level 17, 0/105 HPs)
             Began as a Tengu Air Elementalist on June 15, 2022.
             Was an Initiate of Gozag.
             Slain by a black mamba (5 damage)
             ... on level 2 of the Snake Pit.
             The game lasted 01:11:08 (61040 turns).

Zeld the Thaumaturge (Tengu Air Elementalist)      Turns: 61040, Time: 01:11:09

Health: 0/105      AC: 10    Str: 12    XL:     17   Next: 50%
Magic:  0/41       EV: 19    Int: 29    God:    Gozag
Gold:   56         SH:  0    Dex: 15    Spells: 23/45 levels left

rFire   . . .      SeeInvis +   a - +8 mace of Laonosmo {freeze, Str+2 Int+4}
rCold   . . .      Faith    .   f - +0 kite shield {reflect}
rNeg    . . .      Spirit   +   k - +4 moon troll leather armour {Spirit, Regen++ MP+5}
rPois   .          Reflect  +   (helmet restricted)
rElec   .          Harm     .   b - +0 cloak of Boadoib {Int+3}
rCorr   .          Rampage  .   i - +0 pair of gloves
Will    +....                   (boots unavailable)
Stlth   +.........              s - amulet of regeneration
HPRegen 2.67/turn               j - ring of wizardry
MPRegen 0.27/turn               L - ring of see invisible

@: confused, lethally poisoned (0 -> -2), ambrosia-drunk, flying quickly and
evasively, invisible, quick
A: beak, talons 3, nimble flight
a: Renounce Religion, Potion Petition, Call Merchant, Bribe Branch


You were on level 2 of the Snake Pit.
You worshipped Gozag.
Gozag was noncommittal.
You visited 5 branches of the dungeon, and saw 26 of its levels.
You also visited: Bailey and Volcano.

You collected 8889 gold pieces.
You spent 3549 gold pieces at shops.
You paid 5284 gold pieces to Gozag.

Inventory:

Hand Weapons
 a - the +8 mace of Laonosmo (weapon) {freeze, Str+2 Int+4}
   (You bought it in a shop on level 1 of the Lair of Beasts)

   It freezes those it strikes, dealing additional cold damage.
   It can also slow down cold-blooded creatures.
   Str:       It affects your strength (+2).
   Int:       It affects your intelligence (+4).
 S - the +9 rapier of Zeld's Instant Death {venom, rElec}
   (You found it on level 13 of the Dungeon)

   It poisons the flesh of those it strikes.
   rElec:     It insulates you from electricity.
Missiles
 m - 227 bolts
 A - 53 poisoned darts
 G - 2 curare-tipped darts
 Q - a throwing net
Armour
 b - the +0 cloak of Boadoib (worn) {Int+3}
   (You found it on level 2 of the Lair of Beasts)

   Int:       It affects your intelligence (+3).
 f - a +0 kite shield of reflection (worn)
 i - a +0 pair of gloves (worn)
 k - the +4 moon troll leather armour (worn) {Spirit, Regen++ MP+5}
   (You found it on level 3 of the Dungeon)

   MP:        It affects your magic capacity (+5).
   Regen:     It increases your rate of health regeneration.
Jewellery
 j - a ring of wizardry (left hand)
 s - an amulet of regeneration (around neck)
 L - a ring of see invisible (right hand)
 R - an amulet of magic regeneration
Wands
 B - a wand of digging (5)
 E - a wand of polymorph (5)
 F - a wand of acid (26)
 H - a wand of flame (18)
 I - a wand of iceblast (18)
 M - a wand of charming (11)
 T - a wand of mindburst (14)
Scrolls
 c - a scroll of summoning
 d - a scroll of teleportation
 g - 5 scrolls of brand weapon
 l - 4 scrolls of enchant armour
 n - 5 scrolls of enchant weapon
 r - 3 scrolls of fog
 v - 5 scrolls of silence
 J - 2 scrolls of amnesia
Potions
 e - 6 potions of haste
 h - 8 potions of attraction
 o - 4 potions of brilliance
 q - 5 potions of might
 u - 3 potions of resistance
 w - 3 potions of cancellation
 x - 2 potions of invisibility
 z - 9 potions of ambrosia
 C - 3 potions of magic {unknown}
 D - 6 potions of mutation {unknown}
 K - 2 potions of berserk rage {unknown}
 N - 4 potions of lignification {unknown}
Miscellaneous
 y - a phial of floods
 O - a phantom mirror (inert)


   Skills:
 + Level 11.6 Fighting
 * Level 13.8 Maces & Flails
 + Level 12.7 Dodging
 - Level 8.0 Stealth
 * Level 14.7 Spellcasting
 - Level 8.0 Conjurations
 + Level 12.8 Air Magic
 - Level 12.0 Evocations


You had 23 spell levels left.
You knew the following spells:

 Your Spells              Type           Power      Damage    Failure   Level
a - Shock                 Conj/Air       100%       1d9       1%          1
b - Static Discharge      Conj/Air       69%        N/A       1%          2
c - Swiftness             Air            77%        N/A       1%          3
d - Airstrike             Air            38%        N/A       1%          4
e - Lightning Bolt        Conj/Air       34%        1d52      1%          5
g - Storm Form            Tmut/Air       27%        N/A       92%         7

Your spell library contained the following spells:

 Spells                   Type           Power      Damage    Failure   Level
 Magic Dart               Conj           100%       1d8       1%          1
 Corpse Rot               Necr/Air       100%       N/A       1%          2
 Searing Ray              Conj           100%       2d8       1%          2
 Summon Lightning Spire   Summ/Air       55%        N/A       3%          4
 Animate Skeleton         Necr           42%        N/A       4%          1
 Pain                     Necr           84%        1d8       4%          1
 Scorch                   Fire           42%        2d7       6%          2
 Freezing Cloud           Conj/Ice/Air   28%        6-21      7%          5
 Flame Wave               Conj/Fire      44%        2d10      9%          4
 Fulminant Prism          Conj/Hex       22%        3d13      9%          4
 Sticky Flame             Conj/Fire      44%        2d6       9%          4
 Confusing Touch          Hex            21%        N/A       13%         3
 Frozen Ramparts          Ice            42%        1d6       13%         3
 Tukima's Dance           Hex            21%        N/A       13%         3
 Vampiric Draining        Necr           21%        2d7       13%         3
 Dispel Undead            Necr           21%        3d11      38%         4
 Ice Form                 Ice/Tmut       21%        N/A       38%         4
 Passage of Golubria      Tloc           21%        N/A       38%         4
 Summon Ice Beast         Ice/Summ       21%        N/A       38%         4
 Summon Forest            Summ/Tloc      10%        N/A       71%         5
 Summon Mana Viper        Hex/Summ       21%        N/A       71%         5
 Yara's Violent Unravell  Hex/Tmut       10%        3d6       71%         5
 Death Channel            Necr           10%        N/A       99%         6
 Simulacrum               Ice/Necr       10%        N/A       99%         6
 Summon Cactus Giant      Summ           10%        N/A       99%         6
 Enfeeble                 Hex            10%        N/A       100%        7
 Polar Vortex             Ice            10%        N/A       100%        9


Dungeon Overview and Level Annotations

Branches:
Dungeon (15/15)            Temple (1/1) D:6            Lair (6/6) D:10
 Shoals (0/4) Lair:2        Snake (2/4) Lair:2        Slime (0/5) Lair:5
    Orc (2/2) D:11            Elf (0/3) Orc:2        Vaults (0/5) D:13
 Depths (0/4) D:15         Bailey (visited)         Volcano (visited)

Altars:
Ashenzari
Cheibriados
Dithmenos
Elyvilon
Fedhas
Gozag
Hepliaklqana
Kikubaaqudgha
Makhleb
Nemelex Xobeh
Okawaru
Qazlal
Ru
Sif Muna
Trog
Uskayaw
Vehumet
Wu Jian
Xom
Yredelemnul
Zin
The Shining One
Jiyva

Shops:
D:12 *   D:13 :   Orc:1 [*   Orc:2 :*[=(   Lair:1 (   Lair:3 :   Lair:6 [
Snake:1 =?[:

Annotations:
D:15 3 runed translucent doors, Xiestris's ghost, journeyman DsGl


Innate Abilities, Weirdness & Mutations

You have a beak for a mouth.
You have claws for feet.
Your magical nature lets you fly swiftly and evasively.


Message History

Okay, then.
You feel very sick.
* * * LOW HITPOINT WARNING * * *
You are more poisoned.
The black mamba bites you but does no damage.
The black mamba bites you!
* * * LOW HITPOINT WARNING * * *
Unknown command.
Your magical effects are unravelling.
You feel magically purged.
You feel less vulnerable to poison.
You feel very sick.
* * * LOW HITPOINT WARNING * * *
You are more poisoned.
The black mamba bites you but does no damage. x2
The black mamba closely misses you. The black mamba barely misses you.
Okay, then.
You feel very sick.
* * * LOW HITPOINT WARNING * * *
You are more poisoned.
Unknown command.
It was a potion of invisibility.
You fade into invisibility!
You feel very sick.
* * * LOW HITPOINT WARNING * * *
You are more poisoned.
The black mamba completely misses you. You block the black mamba's attack.
The black mamba bites you but does no damage.
The black mamba closely misses you.
You are confused.
You feel invigorated.
You feel very sick.
* * * LOW HITPOINT WARNING * * *
You are more poisoned.
The black mamba barely misses you. The black mamba misses you.
The black mamba bites you.
* * * LOW HITPOINT WARNING * * *
The black mamba bites you!
You die...
Your body crumbles into a pile of gold.

#.## #.... #..# ##...# #..#
#....### ##..# #..>...###
#...# #........## ##
#...#####.........## ###..
##...........####...######....
#............## ##.[..........
##...........@# ##.)[)).<....
#..........SS## #..)...####.
#.......###.N.####).[...#
#..##...# ##........[...# #..
#...# ##..<.()##..## #.. #...#
##..))##.[.# #.. #...#
#....#....# #.... #....#...##
##..> ......#..##


You could see a naga ritualist (toxic aura) and 2 black mambas.

Vanquished Creatures
  Rupert (D:15)
  Jorgrun (D:12)
  Gastronok (Lair:3)
  Kirke (D:14)
  Donald (Snake:2)
  3 orc warlords
  A dire elephant (Lair:6)
  Snorg (D:11)
  Josephine (D:12)
  The ghost of Beepinex the Blocker, a journeyman DDFi of Elyvilon (Lair:3)
  Harold (Lair:2)
  8 vault guards (D:13)
  2 naga warriors (Snake:1)
  12 hydras
  4 boulder beetles
  9 centaur warriors
  2 catoblepae
  7 two-headed ogres
  2 anacondas
  4 death yaks (Lair:6)
  7 naga sharpshooters
  A deep troll shaman (Lair:6)
  5 orc high priests
  A shock serpent (Snake:1)
  Nergalle (D:10)
  A fire crab (Lair:6)
  9 skeletal warriors
  A glowing orange brain (D:15)
  A deep elf archer (Volcano)
  9 orc knights
  10 deep elf pyromancers
  A mana viper (Snake:1)
  6 orc sorcerers
  16 ugly things
  3 manticores
  An oklob plant (D:10)
  6 salamanders
  4 cyclopes
  Maurice (D:8)
  A merfolk siren (Lair:2)
  4 elephants (Lair:6)
  A moth of wrath (D:10)
  Joseph (D:9)
  5 naga magi
  6 black mambas
  A guardian serpent (Snake:1)
  An unseen horror (D:12)
  3 gargoyles
  7 rime drakes
  12 cane toads
  5 komodo dragons
  Psyche (D:8)
  2 kobold demonologists (D:9)
  An unseen horror (shapeshifter) (D:14)
  An efreet (D:14)
  3 tengu conjurers
  9 trolls
  3 meliai (D:14)
  2 polar bears (D:12)
  A queen bee (Lair:2)
  9 blink frogs (Lair:5)
  8 slime creatures
  A slime creature (shapeshifter) (D:14)
  Sigmund (D:2)
  3 centaur simulacra (D:12)
  A shadow (D:11)
  A vampire (D:9)
  8 wraiths
  31 yaks
  2 fire bats (Lair:6)
  Eustachio (D:4)
  2 fire elementals (Volcano)
  8 wyverns
  3 hogs (D:14)
  A steam dragon (D:8)
  12 basilisks
  14 vampire mosquitoes
  Edmund (D:4)
  17 nagas
  3 wargs (Orc:1)
  7 hell hounds
  An acid dragon (D:10)
  16 water moccasins
  A floating eye (shapeshifter) (D:15)
  48 orc warriors
  Pargi (D:4)
  A meliai simulacrum (D:12)
  2 black bears
  A hornet zombie (D:8)
  7 ogres
  12 centaurs
  2 necrophages
  3 sky beasts
  16 wolves
  2 phantoms
  8 bullfrogs
  7 kobold brigands
  4 gnoll sergeants (D:11)
  A scorpion (D:5)
  A wyvern skeleton (D:5)
  2 water moccasin zombies
  2 water moccasin skeletons
  An elephant simulacrum (Lair:3)
  A blink frog simulacrum (Lair:3)
  A dream sheep simulacrum (Lair:3)
  26 killer bees
  A lindwurm simulacrum (Lair:3)
  3 electric eels
  2 howler monkeys
  A bullfrog zombie (D:7)
  4 centaur zombies
  A lava snake (Lair:6)
  2 komodo dragon simulacra (Lair:3)
  3 hounds
  2 jellies (D:6)
  2 centaur skeletons
  25 orc priests
  2 bullfrog skeletons
  A gnoll shaman (D:10)
  Jessica (D:2)
  An iguana (D:7)
  35 orc wizards
  15 hell rats
  A scorpion zombie (D:5)
  2 killer bee zombies
  A basilisk simulacrum (Lair:3)
  2 howler monkey zombies
  19 gnolls
  2 howler monkey skeletons
  8 adders
  8 river rats (Lair:5)
  4 white imps
  4 ufetubi
  An adder skeleton (D:4)
  5 worms
  4 dart slugs
  97 orcs
  8 ball pythons
  6 endoplasms
  4 giant cockroaches
  19 hobgoblins
  5 jackals
  24 kobolds
  3 quokkas
  7 bats
  4 frilled lizards
  15 goblins
  9 rats
881 creatures vanquished.

Vanquished Creatures (others)
  69 fungi
  73 plants
142 creatures vanquished.

Grand Total: 1023 creatures vanquished

Notes
Turn   | Place    | Note
-------+----------+-------------------------------------------
     0 | D:1      | Zeld the Tengu Air Elementalist began the quest for the
                  | Orb.
     0 | D:1      | Reached XP level 1. HP: 10/10 MP: 4/4
   199 | D:1      | Reached XP level 2. HP: 15/15 MP: 0/6
   202 | D:1      | Learned a level 2 spell: Static Discharge
   851 | D:2      | Reached XP level 3. HP: 15/19 MP: 4/7
  1259 | D:2      | Reached skill level 5 in Air Magic
  1568 | D:3      | Reached XP level 4. HP: 10/24 MP: 2/9
  1919 | D:3      | Reached skill level 3 in Spellcasting
  1919 | D:3      | Found the +4 moon troll leather armour {Spirit, Regen++
                  | MP+5}
  2137 | D:3      | Learned a level 3 spell: Swiftness
  2197 | D:4      | Noticed Pargi
  2772 | D:4      | Killed Pargi
  2773 | D:4      | Gained mutation: Your magical nature lets you fly swiftly
                  | and evasively. [Tengu growth]
  2773 | D:4      | Reached XP level 5. HP: 25/28 MP: 7/11
  2852 | D:4      | Learned a level 4 spell: Airstrike
  2915 | D:4      | Noticed a phantom
  2922 | D:4      | Killed a phantom
  2923 | D:4      | Reached skill level 4 in Spellcasting
  2923 | D:4      | Reached XP level 6. HP: 29/32 MP: 6/13
  3009 | D:4      | Noticed Eustachio
  3025 | D:4      | Killed Eustachio
  3134 | D:4      | Noticed Edmund
  3159 | D:4      | Reached XP level 7. HP: 36/36 MP: 4/14
  3166 | D:4      | Killed Edmund
  3321 | D:5      | Entered Level 5 of the Dungeon
  3342 | D:5      | Reached skill level 5 in Spellcasting
  3566 | D:5      | Reached skill level 5 in Conjurations
  3566 | D:5      | Reached XP level 8. HP: 29/41 MP: 10/17
  3877 | D:5      | Found a hazy altar of Hepliaklqana.
  4155 | D:5      | Found a burning altar of Makhleb.
  4207 | D:5      | Reached skill level 6 in Spellcasting
  4778 | D:5      | Found a sparkling altar of Nemelex Xobeh.
  4907 | D:5      | Found the +7 sceptre of Torment {pain, torment}
  5241 | D:6      | Reached skill level 10 in Air Magic
  5264 | D:6      | Reached XP level 9. HP: 45/45 MP: 6/20
  5502 | D:6      | Reached skill level 7 in Spellcasting
  6155 | D:6      | Found a staircase to the Ecumenical Temple.
  6318 | Temple   | Entered the Ecumenical Temple
  6524 | D:1      | Noticed a great orb of eyes
  6527 | D:1      | Found a faded altar of an unknown god.
  6529 | D:1      | Noticed an eye of devastation
  6529 | D:1      | Noticed a shining eye
  6529 | D:1      | Noticed a shining eye
  7136 | D:2      | Noticed Sigmund
  7142 | D:2      | Killed Sigmund
  7261 | D:2      | Noticed Jessica
  7269 | D:2      | Killed Jessica
  7712 | D:3      | Reached skill level 8 in Spellcasting
  8303 | D:7      | Found a blossoming altar of Fedhas.
  8355 | D:7      | Found a flagged portal.
  8391 | Bailey   | Entered a bailey
  8788 | Bailey   | Noticed an orc knight
  8811 | Bailey   | Killed an orc knight
  8812 | Bailey   | Reached skill level 9 in Spellcasting
  9424 | Bailey   | Noticed an orc knight
  9442 | Bailey   | Reached XP level 10. HP: 45/50 MP: 16/24
  9458 | Bailey   | Killed an orc knight
  9459 | Bailey   | Reached skill level 1 in Fighting
  9459 | Bailey   | Reached skill level 1 in Evocations
  9649 | Bailey   | Noticed an orc knight
  9753 | Bailey   | Killed an orc knight
 10334 | Bailey   | Noticed an orc knight
 10471 | Bailey   | Killed an orc knight
 10472 | Bailey   | Reached skill level 10 in Spellcasting
 10849 | Bailey   | Noticed an orc warlord
 10860 | Bailey   | HP: 2/54 [orc warlord/+2 battleaxe (25)]
 11001 | Bailey   | Reached skill level 5 in Stealth
 11091 | Bailey   | Killed an orc warlord
 11092 | Bailey   | Reached skill level 5 in Dodging
 11092 | Bailey   | Reached XP level 11. HP: 50/60 MP: 2/26
 11760 | D:7      | Found a shimmering altar of Xom.
 12656 | D:8      | Noticed Psyche
 12886 | D:8      | Paralysed by something for 3 turns
 12905 | D:8      | Killed Psyche
 13262 | D:8      | Noticed Maurice
 13589 | D:8      | Killed Maurice
 14228 | D:8      | Noticed a manticore
 14264 | D:8      | Killed a manticore
 14530 | D:9      | Noticed a two-headed ogre
 15639 | D:9      | Killed a two-headed ogre
 16081 | D:9      | Found a radiant altar of Vehumet.
 16109 | D:9      | Identified the +10 war axe of Peppy {holy, Fragile Int+6}
 16627 | D:9      | Reached skill level 5 in Evocations
 16642 | D:9      | Reached skill level 5 in Fighting
 16919 | D:9      | Noticed Joseph
 16930 | D:9      | Killed Joseph
 16931 | D:9      | Reached XP level 12. HP: 56/68 MP: 8/27
 17128 | D:9      | Found an ancient bone altar of Kikubaaqudgha.
 17231 | D:9      | Found an opulent altar of Gozag.
 17353 | D:9      | Became a worshipper of Gozag Ym Sagoz the Greedy
 17486 | D:10     | Entered Level 10 of the Dungeon
 18008 | D:10     | Found a staircase to the Lair.
 18256 | D:10     | Noticed a two-headed ogre
 18286 | D:10     | Killed a two-headed ogre
 18534 | D:10     | Noticed a two-headed ogre
 18538 | D:10     | Killed a two-headed ogre
 18805 | D:10     | Noticed Nergalle
 18811 | D:10     | Killed Nergalle
 19123 | D:10     | Found a bloodstained altar of Trog.
 19554 | Lair:1   | Entered Level 1 of the Lair of Beasts
 19556 | Lair:1   | Noticed a four-headed hydra
 20385 | Lair:1   | Bought a twisted falchion for 216 gold pieces
 20385 | Lair:1   | Identified the +9 falchion of Gofiraw {protect, rC- Will++
                  | rCorr Stlth+} (You bought it in a shop on level 1 of the
                  | Lair of Beasts)
 20393 | Lair:1   | Reached skill level 11 in Spellcasting
 20957 | Lair:1   | Killed a four-headed hydra
 21081 | Lair:1   | Bought a steaming mace for 216 gold pieces
 21081 | Lair:1   | Identified the +8 mace of Laonosmo {freeze, Str+2 Int+4}
                  | (You bought it in a shop on level 1 of the Lair of Beasts)
 21585 | Lair:2   | Found a staircase to the Snake Pit.
 21590 | Lair:2   | Found a hide-covered altar of Uskayaw.
 21628 | Lair:2   | You are sucked into a shaft and drop 2 floors!
 21705 | Lair:4   | Reached skill level 1 in Maces & Flails
 22217 | Lair:4   | Found a dark tunnel.
 22224 | Volcano  | Entered a volcano
 23883 | Volcano  | Reached XP level 13. HP: 55/76 MP: 3/29
 23884 | Volcano  | Reached skill level 5 in Maces & Flails
 23884 | Volcano  | Reached XP level 14. HP: 62/84 MP: 3/30
 24919 | Lair:3   | Found a runed translucent gate.
 24919 | Lair:3   | Found a runed translucent gate.
 24920 | Lair:3   | Found a runed translucent gate.
 24953 | Lair:3   | Noticed Gastronok
 24973 | Lair:3   | Killed Gastronok
 25585 | Lair:3   | Noticed Beepinex's ghost (journeyman DDFi)
 26290 | Lair:2   | Found a staircase to the Shoals.
 26387 | Lair:2   | Noticed Harold
 26396 | Lair:2   | Killed Harold
 27388 | Lair:2   | Identified the +0 cloak of Boadoib {Int+3}
 28063 | Lair:3   | Killed Beepinex's ghost
 29968 | Lair:5   | Reached skill level 12 in Spellcasting
 29968 | Lair:5   | Reached skill level 10 in Evocations
 30533 | Lair:5   | Found a staircase to the Slime Pits.
 30534 | Lair:5   | Found a viscous altar of Jiyva.
 31395 | Lair:3   | Bought a book of Storms for 512 gold pieces
 31401 | Lair:3   | Learned a level 5 spell: Lightning Bolt
 31842 | Lair:6   | Entered Level 6 of the Lair of Beasts
 32160 | Lair:6   | Reached skill level 10 in Dodging
 33322 | Lair:6   | Reached XP level 15. HP: 90/90 MP: 24/32
 36335 | Lair:6   | Identified the +1 battleaxe "Dackieg" {vorpal, rF- rC+
                  | Will+}
 36347 | Lair:6   | Bought a spiked leather armour for 217 gold pieces
 36347 | Lair:6   | Identified the +3 leather armour of Xinuet {rPois rC+ Int+9
                  | Stlth-} (You bought it in a shop on level 6 of the Lair of
                  | Beasts)
 36962 | D:11     | Reached skill level 10 in Maces & Flails
 37378 | D:11     | Noticed Snorg
 38546 | D:11     | Killed Snorg
 38785 | D:11     | Found a staircase to the Orcish Mines.
 39528 | D:12     | Noticed Jorgrun
 39540 | D:12     | Noticed Josephine
 39578 | D:12     | Killed Josephine
 39579 | D:12     | Reached skill level 10 in Fighting
 40397 | D:12     | Killed Jorgrun
 40894 | D:12     | Found Tirosy's Blood Bar.
 41219 | D:12     | Identified the +1 leather armour of Hysteria {rElec Str+2
                  | Slay+6}
 41611 | D:13     | Reached skill level 13 in Spellcasting
 41635 | D:13     | Bought the Grimoire of the Birds for 352 gold pieces
 41974 | D:13     | Found a gate to the Vaults.
 41985 | D:13     | Reached XP level 16. HP: 97/97 MP: 4/34
 42675 | D:13     | Identified the +9 rapier of Zeld's Instant Death {venom,
                  | rElec}
 43561 | D:14     | You are sucked into a shaft and drop 1 floor!
 43561 | D:15     | Entered Level 15 of the Dungeon
 44640 | D:13     | Found a gate to the Vaults.
 44892 | D:13     | Found Unof's Book Emporium.
 45341 | D:13     | Found a gate to the Vaults.
 45523 | D:13     | Found Unof's Book Emporium.
 46211 | D:14     | Identified the +7 hunting sling of a volcano {flame, rPois
                  | rN+ Will+}
 47687 | D:15     | Found a shadowy altar of Dithmenos.
 48030 | D:15     | Found a runed translucent gate.
 48030 | D:15     | Found a runed translucent gate.
 48030 | D:15     | Found a runed translucent gate.
 48031 | D:15     | Found an ancient bone altar of Kikubaaqudgha.
 48031 | D:15     | Noticed a lich
 48031 | D:15     | Noticed a lich
 48031 | D:15     | Noticed a lich
 48031 | D:15     | Noticed a lich
 48032 | D:15     | Noticed Xiestris's ghost (journeyman DsGl)
 48695 | D:15     | Noticed Rupert
 48731 | D:15     | Paralysed by Rupert for 7 turns
 49072 | Orc:1    | Entered Level 1 of the Orcish Mines
 49203 | Orc:1    | Found Qepox's Antique Armour Boutique.
 50038 | Orc:1    | Bought a knobbly ivory ring for 145 gold pieces
 50038 | Orc:1    | Bought a scroll labelled EMUEZ LIMOUGENN for 29 gold pieces
 50138 | Orc:1    | Bought a scroll labelled REFAOGH HIYVOZ for 29 gold pieces
 50168 | Orc:2    | Entered Level 2 of the Orcish Mines
 50340 | Orc:2    | Paralysed by an orc sorcerer for 3 turns
 51467 | Orc:2    | Reached skill level 14 in Spellcasting
 52540 | Orc:2    | Found a staircase to the Elven Halls.
 52646 | Orc:2    | Found Moutum's General Store.
 52647 | Orc:2    | Found Atikemom's Jewellery Shop.
 52649 | Orc:2    | Found Biskezy's Antique Armour Shop.
 52649 | Orc:2    | Found Haheif's Antique Weapon Boutique.
 52654 | Orc:2    | Bought a wand of mindburst (2) for 96 gold pieces
 52798 | Orc:2    | Found Cofrokutys's Book Shoppe.
 53186 | Orc:1    | Bought a scroll of identify for 58 gold pieces
 53186 | Orc:1    | Bought a wand of mindburst (5) for 116 gold pieces
 53186 | Orc:1    | Bought a wand of acid (7) for 232 gold pieces
 53186 | Orc:1    | Bought a potion of curing for 87 gold pieces
 53272 | D:12     | Identified a scroll of acquirement
 53277 | D:12     | Acquired 642 gold pieces
 53374 | Orc:2    | Bought a book of Ice for 690 gold pieces
 53590 | D:14     | Noticed Kirke
 54277 | D:14     | Noticed a sphinx
 54278 | D:14     | Killed Kirke
 54708 | D:15     | Paralysed by Rupert for 3 turns
 55154 | D:15     | Noticed a quicksilver dragon
 55154 | D:15     | a quicksilver ooze changed into a quicksilver dragon
 55161 | D:14     | Noticed a shadow dragon
 55161 | D:14     | a quicksilver dragon changed into a shadow dragon
 55164 | D:14     | Reached XP level 17. HP: 85/101 MP: 15/36
 55831 | D:15     | Paralysed by Rupert for 6 turns
 55842 | D:15     | Killed Rupert
 56010 | D:15     | Found a staircase to the Depths.
 56608 | Snake:1  | Entered Level 1 of the Snake Pit
 57175 | Snake:1  | Learned a level 7 spell: Storm Form
 57865 | Snake:1  | Found Noisoll's Armour Emporium.
 57865 | Snake:1  | Found Moroy's Magic Scroll Shoppe.
 57866 | Snake:1  | Found Jyher's Book Emporium.
 57868 | Snake:1  | Found Zirusch's Jewellery Shoppe.
 57879 | Snake:1  | Bought a scroll of amnesia for 52 gold pieces
 57879 | Snake:1  | Bought a scroll of identify for 30 gold pieces
 57879 | Snake:1  | Bought a scroll of brand weapon for 300 gold pieces
 57879 | Snake:1  | Bought a scroll of silence for 112 gold pieces
 57879 | Snake:1  | Bought a scroll of identify for 30 gold pieces
 57879 | Snake:1  | Bought a scroll of identify for 30 gold pieces
 60921 | Snake:2  | Noticed Donald
 60928 | Snake:2  | Killed Donald
 61039 | Snake:2  | HP: 5/105 [poisoned by a naga ritualist (toxic radiance)]
 61040 | Snake:2  | Slain by a black mamba

Illustrated notes

Levels and vault maps discovered:
D:1:      dpeg_arrival_court, layout_basic,
          hellmonk_ecumenical_altar_watching_god, minmay_liquid_box
D:2:      layout_rooms, minmay_tromino_v4_b, uniq_sigmund, uniq_jessica
D:3:      layout_rooms, minmay_divided_ellipse
D:4:      kb_forest_paths, layout_rooms, uniq_edmund, uniq_eustachio, uniq_pargi
D:5:      layout_loops_ring, lemuel_tele_altar, nemelex_spade_bored_becter,
          nicolae_overflow_crystal_walls, kennysheep_nondescript
D:6:      layout_gridville, minmay_temple_entry_trees, due_unseen_surprise
D:7:      layout_cave_pools, lemuel_round_altar,
          mainiacjoe_overflow_small_starburst, serial_co_window_serial,
          co_window_paths_a, co_window_corner_a, co_window_cross_1,
          co_window_of_opportunity_a, co_window_paths_a, co_window_corner_b,
          co_window_of_opportunity_b, co_window_corner_b, co_window_paths_d,
          co_window_4corner_a, glass_columns_a, glass_columns_a,
          glass_columns_c, glass_columns_a, enter_bailey_4,
          chequers_ossuary_entry_cave
D:8:      layout_basic, uniq_maurice, uniq_psyche
D:9:      layout_loops_cross, mainiacjoe_overflow_surrounded_room,
          mainiacjoe_overflow_chevrons, mainiacjoe_overflow_alcove_1,
          eino_tiny_chamber, nicolae_elevator_lobby_plus, uniq_joseph
D:10:     layout_stronghold, tgw_trog, dpeg_oklobed_lair, uniq_nergalle
D:11:     layout_long_grid, kennysheep_orc_monster_closet_entryway,
          nicolae_fountain_basement, uniq_snorg
D:12:     minmay_angry_zag, layout_loops_cross, serial_ice, serial_ice_j,
          serial_ice_c, serial_ice_m, serial_ice_a,
          portal_ice_cave_entry_pillars_2, guppyfry_shop_blood, uniq_jorgrun,
          uniq_josephine
D:13:     layout_irregular_city, erik_vaults_2
D:14:     layout_roguey, kennysheep_another_room, uniq_kirke
D:15:     gammafunk_enter_depths_forms, layout_loops_cross,
          nicolae_dithmenos_through_a_glass_darkly, gammafunk_ghost_crypt,
          uniq_rupert
Temple:   cyrus_circular_temple
Lair:1:   layout_long_grid, minivault_25, grunt_megastairs_4
Lair:2:   layout_roguey, elwin_shoals_entry_rooms, dummy_snake_entry,
          basic_altar, special_room [special_room_bee], uniq_harold
Lair:3:   layout_misc_corridors, gammafunk_ghost_icy, uniq_gastronok
Lair:4:   layout_regular_city, nicolae_volcano_entry_s_turn
Lair:5:   layout_regular_city, slime_altar_1, kennysheep_rathole
Lair:6:   grunt_lair_end_beastmaster, layout_gridlike, special_room
          [special_room_mythical_zoo]
Snake:1:  layout_misc_corridors, minmay_shoptagon
Snake:2:  layout_layer_cave, nicolae_snake_single_loop, uniq_donald
Orc:1:    layout_diamond_mine, serial_shops, nicolae_shop_waterfront,
          nicolae_orc_crystal_geode
Orc:2:    st_orc_congregation, layout_diamond_mine, serial_shops, shop_fountains

Skill      XL: |  1  2  3  4  5  6  7  8  9 10 11 12 13 14 15 16 17 |
---------------+----------------------------------------------------+-----
Conjurations   | 2 3 4 5 6 8 |  8.0
Air Magic      | 5 6 7 8 10 12 | 12.8
Spellcasting   | 3 4 5 6 9 10 11 12 13 14 | 14.7
Fighting       | 3 5 7 8 9 10 11 | 11.6
Dodging        | 5 8 9 10 11 12 | 12.7
Stealth        | 5 8 |  8.0
Evocations     | 3 5 7 8 10 12 | 12.0
Maces & Flails | 3 5 8 11 12 13 | 13.8

Action                   |  1- 3 |  4- 6 |  7- 9 | 10-12 | 13-15 | 16-18 || total
-------------------------+-------+-------+-------+-------+-------+-------++-------
Melee: Unarmed           |    12 |     6 |       |       |       |    34 ||    52
       Kick              |     2 |    15 |    46 |   134 |   203 |   209 ||   609
       Punch             |     2 |       |     1 |     5 |     6 |    14 ||    28
       Peck              |     2 |    13 |    27 |    91 |   118 |   134 ||   385
       Dagger            |       |    43 |   134 |   340 |       |       ||   517
       Mace              |       |       |       |    12 |   500 |   556 ||  1068
       Rapier            |       |       |       |       |       |     5 ||     5
 Cast: Shock             |    37 |     1 |       |     5 |    35 |     1 ||    79
       Static Discharge  |    15 |    17 |     2 |     5 |     4 |       ||    43
       Airstrike         |       |     3 |   106 |   311 |   362 |    74 ||   856
       Lightning Bolt    |       |       |       |       |   116 |   319 ||   435
Invok: Call Merchant     |       |       |       |     1 |     3 |     1 ||     5
       Potion Petition   |       |       |       |       |       |     2 ||     2
Evoke: Wand              |       |       |     4 |    14 |       |       ||    18
       Phantom mirror    |       |       |       |       |     1 |     1 ||     2
  Use: Scroll            |       |       |     8 |     4 |     9 |    18 ||    39
       Potion            |       |       |       |       |     4 |    17 ||    21
 Stab: Sleeping          |       |     2 |     5 |     1 |     3 |     1 ||    12
       Distracted        |       |       |       |     1 |     3 |     3 ||     7
Armor: Robe              |     8 |     1 |       |       |       |       ||     9
       Troll leather arm |       |    28 |    53 |    82 |   177 |   127 ||   467
       Skin              |       |       |       |    18 |       |       ||    18
Dodge: Dodged            |    34 |    33 |   116 |   322 |   654 |   724 ||  1883
Block: Kite shield       |       |       |       |       |       |    12 ||    12
       Reflection        |       |       |       |       |       |     1 ||     1
